 Dungeon Crawl Stone Soup version 0.30-a0-137-gd8773701ce (webtiles) character file.

Game seed: 13124927939541130629

693 ytrimaz the Covered (level 7, 0/63 HPs)
             Began as a Hill Orc Fighter on Sept 23, 2022.
             Killed from afar by a gargoyle (9 damage)
             ... with a stone arrow
             ... on level 5 of the Dungeon.
             The game lasted 00:06:14 (5184 turns).

ytrimaz the Covered (Hill Orc Fighter)              Turns: 5184, Time: 00:06:15

Health: 0/63       AC: 14    Str: 21    XL:     7   Next: 64%
Magic:  7/7        EV:  6    Int:  6    God:
Gold:   149        SH:  5    Dex: 10    Spells: 6/6 levels left

rFire   . . .      SeeInvis .    a - +1 war axe (vorpal)
rCold   . . .      Faith    .    o - +1 buckler {rF+}
rNeg    . . .      Spirit   .    g - +0 plate armour
rPois   .          Reflect  .    n - +0 helmet
rElec   .          Harm     .    (no cloak)
rCorr   .          Rampage  .    (no gloves)
Will    .....      Clarity  +    (no boots)
Stlth   ..........               (no amulet)
HPRegen 0.20/turn                (no ring)
MPRegen 0.10/turn                (no ring)

@: mighty, lethally poisoned (0 -> -2)
A: clarity, dopey 1, heat vulnerability 1
a: no special abilities


You were on level 5 of the Dungeon.
You visited 1 branch of the dungeon, and saw 5 of its levels.
You also visited: Sewer.

You collected 149 gold pieces.


Innate Abilities, Weirdness & Mutations

You possess an exceptional clarity of mind.
You are dopey. (Int -2)
You are vulnerable to heat. (rF-)


   Skills:
 + Level 6.1 Fighting
 + Level 5.8 Axes
 * Level 7.0 Armour
 - Level 3.4 Shields


You had 6 spell levels left.
You didn't know any spells.
Your spell library contained the following spells:

 Spells                   Type           Power      Damage    Failure   Level
 Blink                    Tloc           0%         N/A       100%        2
 Manifold Assault         Tloc           0%         N/A       100%        4
 Summon Forest            Summ/Tloc      0%         N/A       100%        5
 Eringya's Noxious Bog    Tmut/Pois      0%         N/A       100%        6
 Storm Form               Tmut/Air       0%         N/A       100%        7
 Summon Hydra             Summ           0%         N/A       100%        7

Inventory:

Hand Weapons
 a - a +1 vorpal war axe (weapon)
 f - a +0 hand axe
   (You found it on level 1 of the Dungeon)
Armour
 g - a +0 plate armour (worn)
   (You found it on level 1 of the Dungeon)
 n - a +0 helmet (worn)
   (You found it on level 2 of the Dungeon)
 o - a +1 buckler of fire resistance (worn)
   (You found it on level 1 of the Dungeon)
Wands
 p - a wand of iceblast (6)
   (You found it on level 4 of the Dungeon)
 r - a wand of polymorph (4)
   (You took it off Ijyb on level 3 of the Dungeon)
Scrolls
 c - a scroll of amnesia
 j - a scroll of vulnerability
 m - a scroll of fear
 s - a scroll of magic mapping
Potions
 b - a potion of brilliance {unknown}
 e - 7 potions of flight
 h - 2 potions of magic
 i - a potion of mutation
 l - a potion of berserk rage {unknown}

Dungeon Overview and Level Annotations

Branches:
Dungeon (5/15) Zot: 25439   Sewer (visited)
 Temple: D:4-7

Altars:
Gozag

Shops:
D:4

* ##########.
##.....#.....
##.............
#..............
#..............
#..............
#......$/......
#..9@.....S....
##.............
##.....#.....
####### ####


You could see a water moccasin (fleeing) and a gargoyle.


Message History

You slash the orc!
You kill the orc!
You see here a +0 short sword.
Unknown command.
No target in view!
You see here a +0 short sword.
Found a stone staircase leading up.
A ball python comes into view.
The ball python hisses angrily.
A ball python is nearby!
You barely miss the ball python. You block the ball python's attack.
The ball python grabs you. The ball python constricts you.
You slash the ball python!
You kill the ball python!
No target in view!
You see here a ball python corpse.
There is a stone staircase leading up here.
You see here a ball python corpse.
Key pressed, stopping explore.
You open the door.
There is an open door here.
Key pressed, stopping explore.
There is an open door here.
There is an open door here.
You see here a +0 dagger.
q - a scroll labelled HOHERE CAVAEXI Unknown command.
Done exploring.
As you read the scroll labelled HOHERE CAVAEXI, it crumbles to dust.
It is a scroll of enchant weapon.
Your +0 vorpal war axe glows red for a moment.
There is an escape hatch in the floor here.
You slide downwards.
The hatch slams shut behind you.
The water moccasin hisses angrily.
There are monsters nearby!
The gargoyle hurls a stone arrow at you.
The stone arrow hits you! 😕 HP[-11]
You take 11 damage, and now have 52/63 hp.
You barely miss the gargoyle. You block the gargoyle's attack.
The water moccasin barely misses you. 😕 HP[+1] Unknown command.
You feel very mighty all of a sudden. You block the water moccasin's attack.
The gargoyle hits you with a +0 flail. 😕 HP[-1]
You take 1 damage, and now have 52/63 hp.
Unknown command.
You hit the gargoyle but do no damage. You miss the water moccasin.
The water moccasin bites you but does no damage.
The gargoyle hits you with a +0 flail! The water moccasin bites you.
You are poisoned.
The water moccasin poisons you! 😮 HP[-17]
You take 17 damage, and now have 35/63 hp.
MASSIVE DAMAGE!! (PAUSE)
You hit the gargoyle but do no damage. You hit the water moccasin.
You feel very sick. You block the water moccasin's attack.
The gargoyle hits you with a +0 flail!
* * * LOW HITPOINT WARNING * * *
😨 HP[-16]
You take 16 damage, and now have 19/63 hp.
MASSIVE DAMAGE!! (PAUSE) It was a potion of mutation.
You feel extremely strange.
You feel vulnerable to heat.
You feel stupid.
Your thoughts seem clearer.
You feel very sick. You block the water moccasin's attack.
The gargoyle hits you with a +0 flail!
* * * LOW HITPOINT WARNING * * *
The water moccasin bites you but does no damage. 😱 HP[-15]
You take 15 damage, and now have 4/63 hp.
MASSIVE DAMAGE!! (PAUSE) It was a potion of heal wounds.
You feel much better.
You feel sick. The gargoyle closely misses you.
The water moccasin bites you but does no damage. 😨 HP[+22]
You regained 22 hp, and now have 26/63 hp.
Unknown command.
Okay, then.
As you read the scroll of fear, it crumbles to dust.
You assume a fearsome visage.
The water moccasin looks frightened!
The gargoyle is unaffected.
You feel sick.
You block the gargoyle's attack. 😨 HP[-1]
You take 1 damage, and now have 25/63 hp.
You slice the gargoyle!!
You feel sick.
The gargoyle hurls a stone arrow at you.
The stone arrow hits you!
* * * LOW HITPOINT WARNING * * *
Unknown command. 😱 HP[-15]
You take 15 damage, and now have 10/63 hp.
MASSIVE DAMAGE!! (PAUSE)
You completely miss the gargoyle.
You feel sick.
The gargoyle hurls a stone arrow at you.
You block the stone arrow.
The gargoyle hurls a stone arrow at you.
The stone arrow hits you!
You die...

Skill      XL: |  1  2  3  4  5  6  7 |
---------------+----------------------+-----
Axes           | 3 4 5 |  5.8
Fighting       | 4 5 6 |  6.1
Armour         | 4 5 6 7 |  7.0
Shields        | |  3.4

Action                   |  1- 3 |  4- 6 |  7- 9 || total
-------------------------+-------+-------+-------++-------
Melee: War axe           |   105 |   189 |    49 ||   343
       Hand axe          |     7 |       |       ||     7
       Unarmed           |       |     7 |       ||     7
  Use: Scroll            |     7 |     4 |     4 ||    15
       Potion            |       |     1 |     3 ||     4
Armor: Scale mail        |    15 |       |       ||    15
       Plate armour      |    64 |   197 |    30 ||   291
       Skin              |       |     2 |       ||     2
Dodge: Dodged            |    29 |    81 |    17 ||   127
Block: Buckler           |    23 |    72 |    20 ||   115

Levels and vault maps discovered:
D:1:      dpeg_arrival_round_a, layout_basic,
          dreamdust_ecumenical_altar_drowned_temple
D:2:      layout_basic
D:3:      layout_loops_ring, nicolae_gozag_cash_rules_everything_around_me,
          portal_sewer_entry_c, chequers_serial_rivers_small_a, uniq_ijyb
D:4:      layout_basic, serial_shops, shop, uniq_grinder
D:5:      layout_rooms, chequers_temple_overflow_minitemple, serial_shops, shop,
          hangedman_glass_garden

Notes
Turn   | Place    | Note
-------+----------+-------------------------------------------
     0 | D:1      | ytrimaz the Hill Orc Fighter began the quest for the Orb.
     0 | D:1      | Reached XP level 1. HP: 19/19 MP: 1/1
     0 | D:1      | magus.rc [v1.9.6]
   472 | D:1      | Reached XP level 2. HP: 19/27 MP: 2/2
   562 | D:1      | Reached skill level 3 in Axes
  1056 | D:1      | Found a faded altar of an unknown god.
  1749 | D:2      | Reached skill level 4 in Fighting
  1755 | D:2      | Reached XP level 3. HP: 31/33 MP: 3/3
  1993 | D:2      | Reached skill level 4 in Armour
  2495 | D:3      | Reached XP level 4. HP: 40/40 MP: 4/4
  2566 | D:3      | You add the spells Summon Forest, Eringya's Noxious Bog and
                  | Summon Hydra to your library.
  2669 | D:3      | Found a glowing drain.
  2682 | Sewer    | Entered a sewer
  2880 | Sewer    | Reached skill level 4 in Axes
  2880 | Sewer    | Reached XP level 5. HP: 39/47 MP: 5/5
  2962 | Sewer    | Reached skill level 5 in Armour
  3516 | D:3      | Reached skill level 5 in Fighting
  3516 | D:3      | Reached XP level 6. HP: 49/56 MP: 6/6
  3734 | D:3      | Noticed Ijyb
  3743 | D:3      | Killed Ijyb
  3882 | D:3      | Found an opulent altar of Gozag.
  4184 | D:4      | Reached skill level 6 in Armour
  4217 | D:4      | Noticed Grinder
  4219 | D:4      | Paralysed by Grinder for 2 turns
  4226 | D:4      | Killed Grinder
  4227 | D:4      | Reached skill level 5 in Axes
  4227 | D:4      | Reached XP level 7. HP: 54/62 MP: 7/7
  4250 | D:4      | Found Jieloel's General Store.
  4255 | D:4      | Found the +7 staff of the Meek {protect, meekguard}
  4311 | D:4      | You add the spells Blink, Manifold Assault and Storm Form
                  | to your library.
  4334 | D:4      | Reached skill level 6 in Fighting
  4676 | D:4      | Reached skill level 7 in Armour
  5172 | D:5      | Entered Level 5 of the Dungeon
  5172 | D:5      | Noticed a gargoyle
  5180 | D:5      | Gained mutation: You are vulnerable to heat. (rF-) [potion
                  | of mutation]
  5180 | D:5      | Gained mutation: You are dopey. (Int -2) [potion of
                  | mutation]
  5180 | D:5      | Gained mutation: You possess an exceptional clarity of
                  | mind. [potion of mutation]
  5180 | D:5      | HP: 4/63 [gargoyle/+0 flail (13)]
  5184 | D:5      | Killed from afar by a gargoyle

Vanquished Creatures
  Grinder (D:4)
  A necrophage (D:4)
  2 hounds
  2 jellies (D:4)
  2 orc wizards (D:3)
  Ijyb (D:3)
  10 adders
  4 river rats (Sewer)
  An ufetubus (D:4)
  2 worms (D:2)
  A dart slug (D:1)
  3 orcs
  3 endoplasms
  6 giant cockroaches
  9 goblins
  5 hobgoblins
  4 jackals
  8 kobolds
  4 quokkas
  13 ball pythons
  14 bats
  9 frilled lizards
  7 rats
  A spectral kobold (D:1)
113 creatures vanquished.

Vanquished Creatures (others)
  An orc wizard (D:3)
1 creature vanquished.

Grand Total: 114 creatures vanquished

Table legend:
 A = Non-vault XP
 B = Vault XP
 C = Vault XP percentage of total XP
 D = Non-vault monster count
 E = Vault monster count
 F = Vault count percentage of total count
                 A         B        C        D         E       F
            +---------+---------+-------+---------+---------+-------
      Total |     529 |     462 |  46.6 |      78 |      35 |  31.0
            +---------+---------+-------+---------+---------+-------
        D:1 |      26 |       1 |   3.7 |      16 |       1 |   5.9
        D:2 |      45 |       0 |   0.0 |      16 |       0 |   0.0
        D:3 |     189 |      37 |  16.4 |      29 |       4 |  12.1
        D:4 |     269 |     258 |  49.0 |      17 |       1 |   5.6
      Sewer |       0 |     166 | 100.0 |       0 |      29 | 100.0
            +---------+---------+-------+---------+---------+-------

Illustrated notes

Table legend:
 A = Kills in this place as a percentage of kills in entire the game.
 B = Kills by you in this place as a percentage of kills by you in the entire game.
 C = Kills by friends in this place as a percentage of kills by friends in the entire game.
 D = Other kills in this place as a percentage of other kills in the entire game.
 E = Experience gained in this place as a percentage of experience gained in the entire game.
 F = Experience gained in this place divided by the number of levels of this place that you have seen.
                   A       B       C       D       E      F
               +-------+-------+-------+-------+-------+----------------------
         Total | 100.0 | 100.0 |   N/A |   N/A | 100.0 | 165.2
       Dungeon |  74.3 |  74.3 |   N/A |   N/A |  83.2 | 165.0
         Sewer |  25.7 |  25.7 |   N/A |   N/A |  16.8 | 166.0
               +-------+-------+-------+-------+-------+----------------------

Table legend: (Time is in decaauts)
 A = Elapsed time spent in this place.
 B = Non-inter-level travel time spent in this place.
 C = Inter-level travel time spent in this place.
 D = Time resting spent in this place.
 E = Time spent auto-exploring this place.
 F = Levels seen in this place.
 G = Mean time per level.
                   A        B        C        D        E       F      G
               +--------+--------+--------+--------+--------+-----+--------+
         Total |   5467 |   5404 |     63 |      0 |   4189 |   6 |  911.2 |
       Dungeon |   4559 |   4496 |     63 |      0 |   3643 |   5 |  911.8 |
         Sewer |    908 |    908 |      0 |      0 |    546 |   1 |  908.0 |
               +--------+--------+--------+--------+--------+-----+--------+

Top non-repeatable levels by time:
     D:1: 1602 daAuts
     D:4: 1065 daAuts
     D:3: 943 daAuts
     D:2: 936 daAuts
   Sewer: 908 daAuts
     D:5: 12 daAuts
